 Dungeon Crawl Stone Soup version 0.17-a0-1103-ga40c899 (webtiles) character file.

74095 Lektor the Warrior (level 15, -9/141 HPs)
             Began as a Minotaur Gladiator on May 21, 2015.
             Was a High Priest of Qazlal.
             Blown up by an orb spider (20 damage)
             ... with an orb of destruction
             ... on level 2 of the Spider Nest.
             The game lasted 02:22:01 (20931 turns).

Lektor the Warrior (Minotaur Gladiator)            Turns: 20931, Time: 02:22:01

Health: -9/141     AC: 23    Str: 25      XL:     15   Next: 5%
Magic:  1/20       EV: 14    Int:  8 (9)  God:    Qazlal [*****.]
Gold:   1061       SH:  6    Dex: 14      Spells: 1 memorised, 11 levels left

rFire  + . .     SeeInvis .     M - +8 whip "Snakebite" {curare, rPois}
rCold  . . .     Clarity  +     C - +0 plate armour of the Gastropod {-Tele rPois Int+2}
rNeg   . . .     SustAb   .     (no shield)
rPois  +         Gourm    .     (helmet unavailable)
rElec  .         Spirit   .     o - +2 cloak
rCorr  +         Warding  .     G - +0 pair of gloves
rMut   .         NoTele   +     s - +0 pair of boots
MR     +....                    E - amulet of resist corrosion
Stlth  ..........               m - ring of protection from fire
                                t - +4 ring of strength

@: lethally poisoned (-9 -> -11), repel missiles, somewhat resistant to hostile
enchantments, extremely unstealthy
A: retaliatory headbutt, claws 1, horns 3, clarity, no device heal 1, subdued
magic 1
a: Upheaval, Elemental Force, Disaster Area, Renounce Religion


You were on level 2 of the Spider Nest.
You worshipped Qazlal.
Qazlal was extremely pleased with you.
You were not hungry.

You visited 4 branches of the dungeon, and saw 22 of its levels.
You also visited: Sewer.

You collected 1484 gold pieces.
You spent 423 gold pieces at shops.

Inventory:

Hand weapons
 H - a +4 quarterstaff of draining
 M - the +8 whip "Snakebite" (weapon) {curare, rPois}
   (You found it on level 9 of the Dungeon)

   It poisons the flesh of those it strikes.
   It protects you from poison.
Missiles
 d - 6 throwing nets (quivered)
Armour
 o - a +2 cloak (worn)
 s - a +0 pair of boots (worn)
 C - the +0 plate armour of the Gastropod (worn) {-Tele rPois Int+2}
   (You found it on level 7 of the Lair of Beasts)

   It affects your intelligence (+2).
   It protects you from poison.
   It prevents most forms of teleportation.
 G - a +0 pair of gloves (worn)
Jewellery
 m - a ring of protection from fire (right hand)
 t - a +4 ring of strength (left hand)
 E - an amulet of resist corrosion (around neck)
 I - an uncursed ring of protection from cold
 Q - an uncursed amulet of resist mutation
 Y - an uncursed amulet of faith
Magical devices
 b - a wand of cold (3)
 j - a wand of fire (11)
 k - a wand of paralysis (16)
 q - a wand of disintegration (7)
 w - a wand of frost (37)
 z - a wand of confusion (29)
 R - a wand of cold (5)
 U - a wand of polymorph (10)
Scrolls
 n - 6 scrolls of teleportation
 p - 10 scrolls of identify
 y - 8 scrolls of remove curse
 J - a scroll of fear
 K - 4 scrolls of magic mapping
 N - a scroll of recharging
 T - a scroll of enchant armour
 W - 4 scrolls of fog
 X - 2 scrolls of enchant weapon
 Z - 3 scrolls of amnesia
Potions
 c - a potion of cancellation
 f - a potion of brilliance
 g - 4 potions of invisibility
 h - 10 potions of curing
 r - 2 potions of magic
 u - 2 potions of heal wounds
 v - 3 potions of resistance
 B - a potion of haste
 D - a potion of agility
 F - 2 potions of berserk rage
 L - 3 potions of flight
 V - 2 potions of cure mutation
Miscellaneous
 a - a phantom mirror
 x - a legendary deck of defence {Fortitude}
 P - a legendary deck of wonders {Wild Magic}
Comestibles
 e - 11 bread rations
 i - 49 fruits
 A - 3 meat rations


   Skills:
 + Level 15.0 Fighting
 - Level 8.0(12.0) Maces & Flails
 - Level 14.1(14.8) Staves
 - Level 2.0 Throwing
 + Level 14.1 Armour
 - Level 12.7 Dodging
 - Level 0.1 Stealth
 - Level 3.1 Unarmed Combat
 - Level 8.8 Invocations
 + Level 4.4 Evocations


You had 11 spell levels left.
You knew the following spells:

 Your Spells              Type           Power        Failure   Level  Hunger
a - Mephitic Cloud        Conj/Pois/Air  #.......     100%        3    ####...


Dungeon Overview and Level Annotations

Branches:
Dungeon (11/15)            Temple (1/1) D:4            Lair (8/8) D:11
 Shoals (0/4) Lair:3       Spider (2/4) Lair:3        Slime (0/6) Lair:8
    Orc: D:9-12

Altars:
Ashenzari
Cheibriados
Dithmenos
Elyvilon
Fedhas
Gozag
Kikubaaqudgha
Makhleb
Nemelex Xobeh
Okawaru
Qazlal
Ru
Sif Muna
Trog
Vehumet
Xom
Yredelemnul
Zin
The Shining One

Shops:
D:6 (   D:8 !   D:9 (

Annotations:
D:3 tyrsky's ghost, average NaMo
Spider:2 Nikola


Innate Abilities, Weirdness & Mutations

You reflexively headbutt those who attack you in melee.
You have a pair of large horns on your head.
You have sharp fingernails.
You possess an exceptional clarity of mind.
Potions and wands are less effective at restoring your health.
Your spells are a little easier to cast, but a little less powerful.


Message History

Something stings you but does no damage.
You hear an angry hiss.
The orb spider pulsates with a strange energy.
Nikola mumbles some strange words.
You hear a mighty clap of thunder!
The lightning arc hits you!
The lightning arc hits something.
Reactivating autopickup.
You feel a bit more experienced. The lightning arc hits you!
* * * LOW HITPOINT WARNING * * *
The lightning arc hits Nikola.
The lightning arc hits the orb spider.
The orb spider dies!
A wolf spider and an orb spider come into view.
Drink which item? (? for menu, Esc to quit)
You feel much better.
You feel sick.
The orb spider begins to weave its threads into a brightly glowing ball.
Nikola gestures at you while chanting. The bolt of lightning hits you!
* * * LOW HITPOINT WARNING * * *
You feel sick. The orb of destruction hits you!
You die...

.........^.....#.
..[.........^....
...s.....^.......#.
...s...............
....§§§...........
.....@.§..........
.§...†..§.§...#
........§.§...#
......§§@§§..##
...)...§§...<#
........§...##
..........§..#
..............#
..............#
.....^....#####
./........#
.........^.


You could see Nikola, a wolf spider and an orb spider.

Vanquished Creatures
  Gastronok (D:9)
  Kirke (Lair:6)
  Nessos (Lair:8)
  6 dire elephants (Lair:8)
  Josephine (D:11)
  An entropy weaver (Spider:1)
  Harold (D:11)
  Erolcha (D:9)
  7 hydras
  An anaconda (Lair:8)
  A death yak (Lair:5)
  2 hill giants (D:10)
  6 orb spiders (Spider:1)
  2 hornets
  An ugly thing (D:10)
  3 wolf spiders (Spider:1)
  A moth of wrath (Spider:1)
  4 griffons
  A manticore (Lair:3)
  6 black mambas
  15 elephants
  3 torpor snails (Lair:5)
  10 komodo dragons
  14 spiny frogs
  3 demonic crawlers (Spider:1)
  A fire drake (Lair:5)
  5 polar bears
  A troll (D:11)
  9 jumping spiders (Spider:1)
  Prince Ribbit (D:9)
  12 blink frogs
  4 trapdoor spiders (Spider:1)
  10 redbacks (Spider:1)
  A spriggan (Lair:3)
  A wyvern (Lair:2)
  4 wraiths (D:11)
  The ghost of tyrsky the Ruffian, an average NaMo (D:4)
  2 tarantellas (Spider:1)
  2 basilisks
  12 hippogriffs
  52 yaks
  3 humans
  3 fire bats (Lair:4)
  16 wolves
  Menkaure (D:7)
  A hog (Lair:6)
  4 hungry ghosts
  17 water moccasins
  Duvessa (D:7)
  2 sky beasts
  A wasp (D:9)
  11 porcupines
  2 ice beasts
  8 ogres
  2 black bears
  16 spiders (Spider:1)
  An orc warrior (D:10)
  20 crocodiles
  2 centaurs (D:8)
  4 big kobolds
  16 giant frogs
  6 scorpions
  A water moccasin skeleton (D:8)
  Dowan (D:7)
  5 killer bees (D:10)
  An electric eel (Lair:2)
  A centaur zombie (D:9)
  2 crimson imps
  2 hounds
  13 jellies (Lair:8)
  An orc priest (D:10)
  3 orc wizards
  A giant frog skeleton (D:6)
  8 iguanas
  5 worker ants
  A killer bee zombie (D:9)
  A hound zombie (D:10)
  3 worker ant zombies
  6 gnolls
  45 river rats
  11 adders
  A shadow imp (D:10)
  6 oozes
  An adder skeleton (D:4)
  An adder zombie (D:9)
  6 worms
  6 giant geckos
  28 orcs
  16 bats
  13 giant cockroaches
  16 goblins
  12 hobgoblins
  10 jackals
  15 kobolds
  5 quokkas
  6 ball pythons
  7 giant newts
  A quokka zombie (D:5)
  21 rats
  A bush (Lair:8)
  A butterfly (Lair:4)
  67 fungi
  58 plants
757 creatures vanquished.

Vanquished Creatures (collateral kills)
  A giant frog (Lair:1)
1 creature vanquished.

Vanquished Creatures (others)
  A ghost moth (Spider:2)
  An orb spider (Spider:2)
  A moth of wrath (Spider:2)
  2 fungi
  7 plants
12 creatures vanquished.

Grand Total: 770 creatures vanquished

Notes
Turn   | Place    | Note
--------------------------------------------------------------
     0 | D:1      | Lektor the Minotaur Gladiator began the quest for the Orb.
     0 | D:1      | Reached XP level 1. HP: 18/18 MP: 0/0
    39 | D:1      | Reached skill level 4 in Staves
   215 | D:1      | Reached XP level 2. HP: 25/25 MP: 1/1
   420 | D:2      | Reached skill level 5 in Staves
   420 | D:2      | Reached XP level 3. HP: 26/30 MP: 2/2
   509 | D:2      | Reached skill level 1 in Armour
   580 | D:2      | HP: 1/30 [gnoll/spear (1)]
  1271 | D:2      | Reached XP level 4. HP: 16/37 MP: 3/3
  1902 | D:3      | Noticed tyrsky's ghost (average NaMo)
  1949 | D:2      | Reached skill level 6 in Staves
  2049 | D:2      | Found a stormy altar of Qazlal.
  2051 | D:2      | Noticed an air elemental
  2052 | D:2      | Noticed a water elemental
  2052 | D:2      | Noticed a fire elemental
  2052 | D:2      | Noticed an earth elemental
  2057 | D:2      | Became a worshipper of Qazlal Stormbringer
  2467 | D:3      | Reached XP level 5. HP: 39/42 MP: 4/4
  2889 | D:3      | Acquired Qazlal's first power
  3051 | D:4      | Noticed tyrsky's ghost (average NaMo)
  3067 | D:4      | Killed tyrsky's ghost
  3067 | D:4      | Reached skill level 7 in Staves
  3067 | D:4      | Reached XP level 6. HP: 30/50 MP: 5/5
  3132 | D:4      | Found a staircase to the Ecumenical Temple.
  3169 | Temple   | Entered the Ecumenical Temple
  3335 | D:4      | Reached skill level 8 in Staves
  3733 | D:5      | Entered Level 5 of the Dungeon
  3940 | D:4      | Reached XP level 7. HP: 53/56 MP: 6/6
  4357 | D:5      | Reached skill level 9 in Staves
  4672 | D:6      | Reached skill level 10 in Staves
  4720 | D:6      | Found a white marble altar of Elyvilon.
  4958 | D:6      | Found Tuumum's Antique Weapon Boutique.
  4987 | D:6      | Bought a runed quarterstaff for 108 gold pieces
  5014 | D:6      | Acquired Qazlal's second power
  5044 | D:6      | Found a glowing drain.
  5045 | D:6      | Reached XP level 8. HP: 47/62 MP: 7/7
  5051 | Sewer    | Entered a sewer
  5072 | Sewer    | Reached skill level 11 in Staves
  5564 | Sewer    | Acquired Qazlal's third power
  5644 | D:6      | Reached skill level 12 in Staves
  5954 | D:5      | Found a bloodstained altar of Trog.
  6146 | D:5      | Found a sparkling altar of Nemelex Xobeh.
  6542 | D:7      | Reached skill level 13 in Staves
  6693 | D:7      | Noticed Menkaure
  6695 | D:7      | Killed Menkaure
  6695 | D:7      | Reached XP level 9. HP: 68/68 MP: 8/8
  6951 | D:7      | Reached skill level 14 in Staves
  7019 | D:7      | Noticed Duvessa
  7019 | D:7      | Noticed Dowan
  7022 | D:7      | Killed Dowan
  7025 | D:7      | Killed Duvessa
  7372 | D:8      | Acquired Qazlal's fourth power
  7514 | D:8      | Reached skill level 5 in Dodging
  7594 | D:8      | Identified Neumarem's Papyrus of Harmful Flight (You found it on level 8 of the Dungeon)
  7858 | D:8      | Found Gycafohi's Distillery.
  7866 | D:8      | Bought a potion of resistance for 100 gold pieces
  7866 | D:8      | Bought a potion of heal wounds for 50 gold pieces
  7866 | D:8      | Bought a potion of mutation for 25 gold pieces
  7866 | D:8      | Bought a potion of resistance for 100 gold pieces
  7866 | D:8      | Bought a potion of curing for 30 gold pieces
  7868 | D:8      | Bought a potion of poison for 10 gold pieces
  7938 | D:8      | Gained mutation: You have sharp fingernails. [potion of mutation]
  7938 | D:8      | Gained mutation: Potions and wands are less effective at restoring your health. [potion of mutation]
  7938 | D:8      | Gained mutation: Your spells are a little easier to cast, but a little less powerful. [potion of mutation]
  7940 | D:8      | Gained mutation: You have a pair of large horns on your head. [potion of beneficial mutation]
  8003 | D:9      | Noticed Erolcha
  8024 | D:9      | Killed Erolcha
  8024 | D:9      | Reached XP level 10. HP: 79/83 MP: 9/9
  8063 | D:9      | Found a basalt altar of Yredelemnul.
  8064 | D:9      | Found a radiant altar of Vehumet.
  8068 | D:9      | Found a glowing golden altar of the Shining One.
  8069 | D:9      | Found a deep blue altar of Sif Muna.
  8354 | D:9      | Noticed Gastronok
  8371 | D:9      | Killed Gastronok
  8371 | D:9      | Reached skill level 5 in Armour
  8581 | D:9      | Noticed Prince Ribbit
  8585 | D:9      | Killed Prince Ribbit
  8601 | D:9      | Found Gygycil's Weapon Emporium.
  8652 | D:10     | Entered Level 10 of the Dungeon
  9013 | D:10     | Noticed a hill giant
  9022 | D:10     | Killed a hill giant
  9066 | D:10     | Noticed a hill giant
  9074 | D:10     | Killed a hill giant
  9074 | D:10     | Reached XP level 11. HP: 50/95 MP: 13/13
  9307 | D:10     | Reached skill level 5 in Invocations
  9340 | D:10     | Noticed a cyan ugly thing
  9352 | D:10     | Killed a cyan ugly thing
  9352 | D:10     | Acquired Qazlal's fifth power
  9352 | D:10     | Reached skill level 1 in Maces & Flails
  9427 | D:10     | Found an iron altar of Okawaru.
  9703 | D:11     | Reached skill level 1 in Unarmed Combat
 10087 | D:10     | Learned a level 3 spell: Mephitic Cloud
 10190 | D:11     | Noticed Harold
 10211 | D:11     | Killed Harold
 10282 | D:11     | Found a staircase to the Lair.
 10327 | Lair:1   | Entered Level 1 of the Lair of Beasts
 10514 | D:11     | Noticed Josephine
 10522 | D:11     | Killed Josephine
 10640 | Lair:1   | Reached skill level 10 in Fighting
 10671 | Lair:1   | Reached skill level 5 in Maces & Flails
 10702 | Lair:1   | Noticed a seven-headed hydra
 10711 | Lair:1   | Killed a seven-headed hydra
 11508 | Lair:2   | Reached XP level 12. HP: 99/107 MP: 14/14
 11519 | Lair:2   | Noticed an eight-headed hydra
 11526 | Lair:2   | Killed an eight-headed hydra
 12161 | Lair:3   | Found a hole to the Spider Nest.
 12745 | Lair:3   | Found a staircase to the Shoals.
 13285 | Lair:4   | Noticed a seven-headed hydra
 13291 | Lair:4   | Killed a seven-headed hydra
 13291 | Lair:4   | Reached skill level 10 in Dodging
 13544 | Lair:4   | Reached skill level 10 in Armour
 13665 | Lair:4   | Reached XP level 13. HP: 96/117 MP: 17/17
 14340 | Lair:6   | Noticed Kirke
 14377 | Lair:5   | Found a radiant altar of Vehumet.
 14440 | Lair:5   | Gained mutation: You possess an exceptional clarity of mind. [potion of beneficial mutation]
 15360 | Lair:6   | Killed Kirke
 16430 | Lair:7   | Reached XP level 14. HP: 81/130 MP: 18/18
 16551 | Lair:8   | Entered Level 8 of the Lair of Beasts
 17195 | Lair:7   | Got a faintly glowing plate armour
 17206 | Lair:7   | Identified the +0 plate armour of the Gastropod {-Tele rPois Int+2} (You found it on level 7 of the Lair of Beasts)
 17487 | Lair:8   | Found a staircase to the Slime Pits.
 17542 | Lair:8   | Noticed Nessos
 17553 | Lair:8   | Killed Nessos
 18252 | Lair:8   | Reached skill level 1 in Evocations
 19484 | Spider:1 | Entered Level 1 of the Spider Nest
 20328 | Spider:1 | Reached XP level 15. HP: 89/139 MP: 20/20
 20384 | Spider:1 | Reached skill level 15 in Fighting
 20922 | Spider:2 | Noticed Nikola
 20931 | Spider:2 | Blown up by an orb spider

Vault maps used:
D:1:      ncdulo_lavacross
D:2:      nicolae_qazlal_style_of_elements
D:4:      minmay_temple_entry_glass, first_bread
D:5:      overflow_temple_1_default, basic_altar
D:6:      basic_altar, portal_sewer_entry_e, serial_shops,
          nicolae_shop_waterfront
D:7:      uniq_duvessa, uniq_menkaure
D:8:      serial_shops, nicolae_shop_stone, blue_anna_alchemist
D:9:      minitemple, serial_shops, kennysheep_little_box, uniq_gastronok,
          uniq_prince_ribbit1, uniq_erolcha
D:10:     okawaru_humans
D:11:     lair_0_dummy, uniq_josephine, uniq_harold
Temple:   circular_temple_13
Lair:1:   st_stairs_13, serial_bayou_shore_a
Lair:2:   statuecave_lemuel, grunt_megastairs_5
Lair:3:   minmay_shoals_entry_beasts, nicolae_spider_entry_non_spiders,
          grunt_forest_stairs_clearing
Lair:4:   lemuel_fruit_tree, lemuel_fruit_fields, bh_autumn_forest_stairs
Lair:5:   basic_altar, serial_bayou_pond_a, grunt_megastairs_3
Lair:6:   cheibrodos_lair_caveside_slide, minivault_26, minivault_27,
          beast_lair_carwin_10, uniq_kirke
Lair:7:   grunt_megastairs_2
Lair:8:   due_jungle_book, minmay_slime_entry_jelly_boxes, serial_forest,
          infiniplex_forest_clump_long, infiniplex_forest_straight_1,
          infiniplex_forest_straight_1, infiniplex_forest_lined_3_way,
          infiniplex_forest_straight_3, infiniplex_forest_clump_cross,
          infiniplex_forest_straight_5, infiniplex_forest_straight_2,
          st_stairs_10, uniq_nessos
Spider:2: spider_trap, uniq_nikola
Sewer:    sewer_co_tree

Action                   |  1- 3 |  4- 6 |  7- 9 | 10-12 | 13-15 || total
-------------------------+-------+-------+-------+-------+-------++-------
Melee: Quarterstaff      |    89 |   155 |   298 |    85 |       ||   627
       Whip              |       |       |       |   492 |   871 ||  1363
Throw: Stone             |     5 |    20 |    34 |    17 |       ||    76
       Tomahawk          |       |       |    15 |    11 |     6 ||    32
       Throwing net      |       |       |     1 |       |       ||     1
Invok: Upheaval          |       |       |       |     3 |     8 ||    11
       Elemental Force   |       |       |       |     1 |       ||     1
Evoke: Wand              |       |       |       |     7 |     4 ||    11
  Use: Potion            |     2 |       |     5 |     3 |     6 ||    16
       Scroll            |       |     7 |    10 |     3 |     4 ||    24
 Stab: Distracted        |       |       |       |     1 |       ||     1
  Eat: Chunk             |       |     7 |    15 |    19 |    14 ||    55
       Fruit             |       |     1 |       |     1 |       ||     2
       Beef jerky        |       |     1 |       |       |     3 ||     4
       Bread ration      |       |       |       |       |     1 ||     1
